 Dungeon Sprint DCSS version 0.28-a0-390-gb254ac4902 (webtiles) character file.

Game seed: 11252793142169113633

3 Zeld the Skirmisher (level 1, -4/20 HPs)
             Began as a Draconian Cinder Acolyte on Sept 3, 2021.
             Was a High Priest of Ignis.
             Slain by a scorpion (8 damage)
             ... in the Dungeon (Sprint III: "The Ten Rune Challenge").
             The game lasted 00:00:21 (223 turns).

Zeld the Skirmisher (Draconian Cinder Acolyte)       Turns: 223, Time: 00:00:21

Health: -4/20      AC:  4    Str: 16    XL:     1   Next: 41%
Magic:  2/2        EV: 11    Int: 14    God:    Ignis [*****.]
Gold:   15         SH:  0    Dex:  6    Spells: 2/2 levels left

rFire   + . .      SeeInvis .   a - -1 mace (flame)
rCold   . . .      Faith    .   (no shield)
rNeg    . . .      Spirit   .   (armour unavailable)
rPois   .          Reflect  .   (helmet restricted)
rElec   .          Harm     .   (no cloak)
rCorr   .          Rampage  .   (no gloves)
Will    .....      NoTele   +   (no boots)
Stlth   +.........              (no amulet)
HPRegen 0.06/turn               (no ring)
MPRegen 0.08/turn               (no ring)

@: lethally poisoned (-4 -> -14)
A: AC +4, unfitting armour, cold-blooded
a: Renounce Religion, Sea of Fire, Foxfire Swarm, Rising Flame


You were in the Dungeon.
You worshipped Ignis.
Ignis was extremely pleased with you.
You visited 1 branch You collected 15 gold pieces.

Inventory:

Hand Weapons
 a - a -1 mace of flaming (weapon)
Scrolls
 g - a scroll of blinking
Potions
 b - a potion of curing
 c - a potion of heal wounds
 d - a potion of haste
 e - 2 potions of magic
 f - a potion of berserk rage


   Skills:
 + Level 4.0 Fighting
 + Level 3.4 Maces & Flails
 + Level 1.0 Spellcasting
 + Level 3.2 Fire Magic


You had 2 spell levels left.
You didn't know any spells.
Your spell library contained the following spells:

 Spells                   Type           Power      Damage    Failure   Level
 Scorch                   Fire           18%        2d5       11%         2


Dungeon Overview and Level Annotations

Branches:
Dungeon (1/1)

Altars:


Innate Abilities, Weirdness & Mutations

Your plain brown scales are hard. (AC +4)
You cannot fit into any form of body armour.
You are cold-blooded and may be slowed by cold attacks.


Message History

A rat is nearby!
The rat barely misses you.
You barely miss the rat. The rat misses you. The rat closely misses you.
You barely miss the rat. You tail-slap the rat.
You kill the rat!
You see here a rat corpse.
No target in view!
A rat comes into view.
A rat is nearby!
The rat bites you.
You hit the rat. You burn the rat.
The rat is severely wounded.
The rat bites you but does no damage.
You thump the rat! You burn the rat.
You kill the rat!
Your Fighting skill increases to level 4!
You see here a rat corpse.
Key pressed, stopping explore.
A human comes into view.
The human shouts!
A human is nearby!
A scorpion comes into view.
You hit the scorpion. You burn the scorpion.
The scorpion is moderately wounded.
The scorpion barely misses you.
You hit the scorpion but do no damage.
Your tail-slap misses the scorpion.
The scorpion is moderately wounded.
The human closely misses you. The scorpion stings you! The human misses you.
You hit the scorpion. You burn the scorpion.
The scorpion is heavily wounded.
The scorpion stings you but does no damage.
The human hits you. The scorpion stings you.
You are lethally poisoned!
The scorpion poisons you!
Unknown command.
Fires begin to smoulder around you!
* * * LOW HITPOINT WARNING * * *
You feel very sick. The scorpion stings you!
You die...

▓...#......##
▓..##....†..# §#
▓##.##.##...# §#
##.##.###..# §§#
▓#.####.##..# §§§+
▓.###..##.†##
#§§§# ▓#.....##..#
#§§§§#
###†.##...##p§§§§#
##..##....#@s§§§§#
#..###..##§#§§§§§#
#..# #.. ####§§§§#
▓▓▓▓ ▓▓▓ ▓▓▓▓▓


You could see a human and a scorpion.

Vanquished Creatures
  An endoplasm (D)
  3 rats (D)
4 creatures vanquished.

Vanquished Creatures (others)
  2 plants (D)
2 creatures vanquished.

Grand Total: 6 creatures vanquished

Notes
Turn   | Place    | Note
-------+----------+-------------------------------------------
     0 | D        | Zeld the Draconian Cinder Acolyte began the quest for the
                  | Orb.
     0 | D        | Reached XP level 1. HP: 19/19 MP: 2/2
   172 | D        | Reached skill level 4 in Fighting
   219 | D        | Noticed a scorpion
   223 | D        | Slain by a scorpion

Illustrated notes

Levels and vault maps discovered:
D:        dungeon_sprint_mu [sprint_mu_entry_cave, sprint_mu_temple_rooms,
          sprint_mu_d1_horrors, sprint_mu_d2_genie, sprint_mu_d3_branching,
          sprint_mu_orc_legion, sprint_mu_elf_gauntlet, sprint_mu_hive_nellie,
          sprint_mu_lair_fedhas, sprint_mu_vaults_butterflies,
          sprint_mu_slime_circle, sprint_mu_swamp_cave, sprint_mu_snake_twists,
          sprint_mu_blade_basic, sprint_mu_crypt_lich, sprint_mu_tomb_spiral,
          sprint_mu_vestibule_basic, sprint_mu_gehenna_hellfire,
          sprint_mu_dis_giant, sprint_mu_tartarus_statrot,
          sprint_mu_cocytus_islands, sprint_mu_zot1]

Skill      XL: |  1 |
---------------+----+-----
Fighting       | 4 |  4.0
Maces & Flails | |  3.4
Spellcasting   | |  1.0
Fire Magic     | |  3.2

Action                   || total
-------------------------++-------
Melee: Mace              ||    14
       Tailslap          ||     1
Invok: Sea of Fire       ||     2
Armor: Skin              ||     5
Dodge: Dodged            ||     9

Table legend: (Time is in decaauts)
 A = Elapsed time spent in this place.
 B = Non-inter-level travel time spent in this place.
 C = Inter-level travel time spent in this place.
 D = Time resting spent in this place.
 E = Time spent auto-exploring this place.
 F = Levels seen in this place.
 G = Mean time per level.
                   A        B        C        D        E       F      G
               +--------+--------+--------+--------+--------+-----+--------+
         Total |    226 |    226 |      0 |    124 |     69 |   1 |  226.0 |
       Dungeon |    226 |    226 |      0 |    124 |     69 |   1 |  226.0 |
               +--------+--------+--------+--------+--------+-----+--------+

Top non-repeatable levels by time:
       D: 226 daAuts
